 Dungeon Crawl Stone Soup version 0.15.0-18-g9076a4f (console) character file.

44 gw the Skirmisher (level 3, -1/31 HPs)
             Began as a Draconian Fighter on Sept 6, 2014.
             Slain by a gnoll
             ... wielding a +0 whip
              (4 damage)
             ... on Level 2 of the Dungeon.
             The game lasted 00:00:51 (1504 turns).

gw the Skirmisher (Draconian Fighter)               Turns: 1504, Time: 00:00:51

HP  -1/31        AC 11     Str 18      XL: 3   Next: 39%
MP   3/3         EV 13     Int  8      God:
Gold 0           SH  0     Dex 14      Spells:  0 memorised,  2 levels left

rFire  . . .     SeeInvis .     a - +0 long sword
rCold  . . .     Clarity  .     (armour unavailable)
rNeg   . . .     rCorr    .     (no shield)
rPois  .         rRot     .     (helmet restricted)
rElec  .         Spirit   .     (no cloak)
SustAb .         Warding  .     h - +2 pair of gloves {Dex+3}
rMut   .         Stasis   .     l - +2 pair of boots
Gourm  .                        (no amulet)
MR     .....                    (no ring)
                                (no ring)

@: not resistant to hostile enchantments, very unstealthy
A: unfitting armour, cold-blooded, AC +5
a: no special abilities


You were on level 2 of the Dungeon.
You were not hungry.

You visited 1 branch of the dungeon, and saw 2 of its levels.

Inventory:

Hand weapons
 a - a +0 long sword (weapon)
Missiles
 b - 45 stones (quivered)
Armour
 h - a +2 pair of gloves of dexterity (worn)
 l - a +2 pair of boots (worn)
Comestibles
 f - 3 bread rations
Scrolls
 c - 2 scrolls of identify
 g - a scroll of remove curse
Potions
 d - a potion of curing


   Skills:
 + Level 3.5 Fighting
 * Level 2.6 Long Blades
 + Level 1.0 Throwing
 + Level 3.1 Dodging
   Level 3.0 Shields


You had 2 spell levels left.
You didn't know any spells.

Dungeon Overview and Level Annotations

Branches:
Dungeon (2/15)

Altars:


Innate Abilities, Weirdness & Mutations

Your plain brown scales are hard (AC +5).
Your body does not fit into most forms of armour.
Your cold-blooded metabolism reacts poorly to cold.


Message History

The gnoll barely misses you.
The gnoll hits you from afar with a halberd.
ATTACK MOVE TO (-1,0)
You barely miss the gnoll.
You tail-slap the gnoll, but do no damage.
The gnoll is heavily wounded.
The gnoll closely misses you. The gnoll hits you but does no damage.
The gnoll closely misses you. The gnoll misses you.
ATTACK MOVE TO (-1,0)
You hit the gnoll but do no damage.
Your tail-slap misses the gnoll.
The gnoll is heavily wounded.
The gnoll hits you! The gnoll hits you but does no damage.
The gnoll hits you but does no damage. The gnoll closely misses you.
The gnoll hits you. The gnoll closely misses you.
ATTACK MOVE TO (-1,0)
You hit the gnoll.
The gnoll is severely wounded.
The gnoll closely misses you. The gnoll completely misses you.
The gnoll hits you with a whip.
You die...

...... ###. . ## ... .
... # ####.#### #
#.......## #......)..#
#.....ggd.#
#.....gg..###############
........(...............
#.......################
#########


You could see 4 gnolls.

Table legend:
 A = Turns spent in this place as a percentage of turns spent in the entire game.
 B = Non-inter-level travel turns spent in this place as a percentage of non-inter-level travel turns spent in the entire game.
 C = Inter-level travel turns spent in this place as a percentage of turns spent in this place.
 D = Turns resting spent in this place as a percentage of non-inter-level travel turns spent in this place.
 E = Turns spent auto-exploring this place as a percentage of non-inter-level travel turns spent in this place.
 F = Non-inter-level travel turns spent in this place divided by the number of levels of this place that you've seen.
                   A       B       C       D       E      F
               +-------+-------+-------+-------+-------+----------------------
         Total | 100.0 | 100.0 |   0.8 |   6.9 |  15.2 | 197.0
       Dungeon | 100.0 | 100.0 |   0.8 |   6.9 |  15.2 | 197.0
               +-------+-------+-------+-------+-------+----------------------

Table legend:
 A = Kills in this place as a percentage of kills in entire the game.
 B = Kills by you in this place as a percentage of kills by you in the entire game.
 C = Kills by friends in this place as a percentage of kills by friends in the entire game.
 D = Other kills in this place as a percentage of other kills in the entire game.
 E = Experience gained in this place as a percentage of experience gained in the entire game.
 F = Experience gained in this place divided by the number of levels of this place that you have seen.
                   A       B       C       D       E      F
               +-------+-------+-------+-------+-------+----------------------
         Total | 100.0 | 100.0 |  -nan |  -nan | 100.0 |  31.5
       Dungeon | 100.0 | 100.0 |  -nan |  -nan | 100.0 |  31.5
               +-------+-------+-------+-------+-------+----------------------

Vanquished Creatures
  A worm (D:2)
  A ball python (D:1)
  6 bats
  2 giant cockroaches (D:1)
  6 goblins
  3 hobgoblins
  4 jackals (D:1)
  4 giant newts (D:1)
  5 kobolds
  4 rats
36 creatures vanquished.

Notes
Turn   | Place    | Note
--------------------------------------------------------------
     0 | D:1      | gw, the Draconian Fighter, began the quest for the Orb.
     0 | D:1      | Reached XP level 1. HP: 19/19 MP: 1/1
   290 | D:1      | Reached XP level 2. HP: 19/26 MP: 2/2
   891 | D:1      | Reached skill level 1 in Throwing
  1216 | D:2      | Reached XP level 3. HP: 17/31 MP: 3/3
  1504 | D:2      | Slain by a gnoll

Action                   || total
-------------------------++-------
Melee: Long sword        ||    86
Throw: Stone             ||    37
  Use: Scroll            ||     4
       Potion            ||     3
  Eat: Chunk             ||     2

Vault maps used:
D:1:      minmay_arrival_four_loops
D:2:      kennysheep_generic_room_12
